 Dungeon Crawl Stone Soup version 0.32-a0-131-g9dbbe29261 (webtiles) character file.

Game seed: 8984672904483460466

440 AlmostDecent the Skirmisher (level 7, -8/40 HPs)
             Began as a Tengu Hunter on Feb 8, 2024.
             Mangled by Pikel
             ... wielding a +2 whip of electrocution
              (14 damage)
             ... on level 4 of the Dungeon.
             The game lasted 00:10:27 (3123 turns).

AlmostDecent the Skirmisher (Tengu Hunter)          Turns: 3123, Time: 00:10:28

Health: -8/40      AC:  5    Str: 12    XL:     7   Next: 2%
Magic:  8/8        EV: 15    Int: 15    God:
Gold:   125        SH:  0    Dex: 19    Spells: 6/6 levels left

rFire   . . .        a - +0 shortbow
rCold   + . .        (shield currently unavailable)
rNeg    . . .        e - +0 ring mail
rPois   .            (helmet restricted)
rElec   .            (no cloak)
rCorr   .            (no gloves)
SInv    .            (boots unavailable)
Will    .....        (no amulet)
Stlth   +            i - ring of protection from cold
HPRegen 0.26/turn    u - +6 ring of intelligence
MPRegen 0.11/turn

%: acrobat
@: flying, hasted, very quick
A: beak, talons 3, evasive flight, acrobatic
a: no special abilities


You were on level 4 of the Dungeon.
You visited 1 branch of the dungeon, and saw 4 of its levels.

You collected 125 gold pieces.

Inventory:

Hand Weapons
 a - a +0 shortbow (weapon)
Armour
 c - a +0 leather armour
 e - a +0 ring mail (worn)
 f - a +0 helmet
 q - a +3 chain mail
Jewellery
 i - a ring of protection from cold (left hand)
 u - a +6 ring of intelligence (right hand)
Talismans
 k - a beast talisman
Wands
 l - a wand of roots (10)
Scrolls
 b - a scroll of butterflies
 o - a scroll of enchant armour {unknown}
 w - 2 scrolls of poison {unknown}
 y - a scroll of identify
Potions
 d - 2 potions of mutation
 g - 3 potions of lignification
 h - a potion of attraction
 m - a potion of invisibility
 n - 3 potions of might
 p - a potion of berserk rage {unknown}
 s - a potion of heal wounds {unknown}
 t - a potion of curing
 v - a potion of resistance {unknown}
 x - a potion of enlightenment {unknown}


   Skills:
 + Level 2.7 Fighting
 * Level 8.3 Ranged Weapons
 + Level 1.6 Armour
 + Level 2.3 Dodging
 + Level 1.0 Stealth


You had 6 spell levels left.
You didn't know any spells.
Your spell library contained the following spells:

 Spells                   Type           Power      Damage    Failure   Level
 Dazzling Flash           Conj/Hex       0%         N/A       87%         3
 Mephitic Cloud           Conj/Alch/Air  0%         N/A       87%         3
 Curse of Agony           Necr           0%         N/A       100%        5
 Silence                  Hex/Air        0%         N/A       100%        5


Dungeon Overview and Level Annotations

Branches:
Dungeon (4/15)
 Temple: D:4-7

Altars:

Annotations:
D:4 Pikel


Innate Abilities, Weirdness & Mutations

You have a beak for a mouth.
You have claws for feet.
Your magical flight helps you evade attacks. (EV +4)
You can magically evade attacks while moving or waiting.


Message History

Press: ? - help, Q - select action, (/) - cycle Shift-Dir - straight line, f/p - lemure
Aim: a lemure (severely wounded, 60% to hit)
You shoot an arrow. The arrow hits the lemure.
The lemure is severely wounded.
The lemure hits you.
Fire: a) +0 shortbow
Press: ? - help, Q - select action, (/) - cycle Shift-Dir - straight line, f/p - lemure
Aim: a lemure (severely wounded, 60% to hit)
You shoot an arrow. The arrow hits the lemure!
You kill the lemure!
That felt strangely unrewarding.
Fire: a) +0 shortbow
Press: ? - help, Q - select action, (/) - cycle Shift-Dir - straight line, f - Pikel
Aim: Pikel, wielding a +2 whip of electrocution and wearing a +0 robe (moderately wounded, 60% to hit)
You shoot an arrow.
The arrow hits Pikel but does no damage.
Pikel is moderately wounded.
Pikel closely misses you.
Fire: a) +0 shortbow
Press: ? - help, Q - select action, (/) - cycle Shift-Dir - straight line, f/p - Pikel
Aim: Pikel, wielding a +2 whip of electrocution and wearing a +0 robe (moderately wounded, 60% to hit)
You shoot an arrow.
The arrow hits Pikel but does no damage.
Pikel is moderately wounded.
Pikel hits you with a +2 whip of electrocution.
* * * LOW HITPOINT WARNING * * *
Fire: a) +0 shortbow
Press: ? - help, Q - select action, (/) - cycle Shift-Dir - straight line, f/p - Pikel
Aim: Pikel, wielding a +2 whip of electrocution and wearing a +0 robe (moderately wounded, 60% to hit)
You shoot an arrow. The arrow hits Pikel.
Pikel is heavily wounded.
Fire: a) +0 shortbow
Press: ? - help, Q - select action, (/) - cycle Shift-Dir - straight line, f/p - Pikel
Aim: Pikel, wielding a +2 whip of electrocution and wearing a +0 robe (heavily wounded, 60% to hit)
You shoot an arrow. The arrow barely misses Pikel.
Pikel hits you with a +2 whip of electrocution.
* * * LOW HITPOINT WARNING * * *
You are electrocuted!
You die...
Pikel says, "Another soul for the market."

##..## #...## ##...##
#....## #...K.# ##....##
#### ####### #..#..##
##..###.....#
#...#..########......######
##..##.....K@........##
#..###....##.........#
#...##รท#####........##
#...#..# ##.......#
##..#..#### ##.....##
#........## ##...##
#...).....## ##..#
#..........## ####
##...........##


You could see Pikel.

Vanquished Creatures
  A phantom (D:4)
  4 lemures (D:4)
  A scorpion (D:4)
  2 bombardier beetles
  2 orc wizards
  6 adders
  A shadow imp (D:4)
  7 dart slugs
  14 orcs
  10 ball pythons
  5 bats
  7 endoplasms
  7 goblins
  9 hobgoblins
  4 jackals (D:2)
  5 kobolds
  6 quokkas
  8 rats
99 creatures vanquished.

Notes
Turn   | Place    | Note
-------+----------+-------------------------------------------
     0 | D:1      | AlmostDecent the Tengu Hunter began the quest for the Orb.
     0 | D:1      | Reached XP level 1. HP: 12/12 MP: 2/2
    60 | D:1      | Reached XP level 2. HP: 17/17 MP: 3/3
    75 | D:1      | Reached skill level 5 in Ranged Weapons
   213 | D:1      | Reached XP level 3. HP: 21/21 MP: 4/4
   621 | D:2      | Reached XP level 4. HP: 26/26 MP: 5/5
   624 | D:2      | Found a faded altar of an unknown god.
   632 | D:2      | Reached skill level 6 in Ranged Weapons
  1282 | D:3      | Reached XP level 5. HP: 26/30 MP: 6/6
  1365 | D:3      | Reached skill level 1 in Armour
  1501 | D:3      | Reached skill level 7 in Ranged Weapons
  2049 | D:3      | HP: 1/30 [something (2)]
  2395 | D:4      | Reached XP level 6. HP: 36/36 MP: 7/7
  2886 | D:4      | Reached skill level 8 in Ranged Weapons
  2961 | D:4      | Gained mutation: Your magical flight helps you evade
                  | attacks. (EV +4) [Tengu growth]
  2961 | D:4      | Reached XP level 7. HP: 32/40 MP: 8/8
  3055 | D:4      | Noticed Pikel
  3123 | D:4      | Mangled by Pikel

Illustrated notes

Levels and vault maps discovered:
D:1:      heliophobic_arrival_henge, layout_rooms, grunt_decor_arrowhead
D:2:      wad_river_or_something, layout_rooms,
          nicolae_ecumenical_snake_handling
D:3:      minmay_inner_zag, layout_basic, hangedman_decor_points
D:4:      layout_cave_pods, minmay_temple_entry_grid, uniq_pikel

Skill      XL: |  1  2  3  4  5  6 |
---------------+-------------------+-----
Ranged Weapons | 5 6 7 8 |  8.3
Armour         | 1 |  1.6
Fighting       | |  2.7
Dodging        | |  2.3
Stealth        | |  1.0

Action                     |  1- 3 |  4- 6 |  7- 9 || total
---------------------------+-------+-------+-------++-------
  Melee: Shortbow          |       |     1 |       ||     1
   Fire: Shortbow          |    86 |   207 |    49 ||   342
    Use: Scroll            |       |     5 |     1 ||     6
         Potion            |       |     4 |     2 ||     6
 Armour: Ring mail         |    51 |    65 |    18 ||   134
  Dodge: Dodged            |    46 |    65 |    31 ||   142

Table legend: (Time is in decaauts)
 A = Elapsed time spent in this place.
 B = Non-inter-level travel time spent in this place.
 C = Inter-level travel time spent in this place.
 D = Time resting spent in this place.
 E = Time spent auto-exploring this place.
 F = Levels seen in this place.
 G = Mean time per level.
                   A        B        C        D        E       F      G
               +--------+--------+--------+--------+--------+-----+--------+
         Total |   3162 |   3026 |    136 |      0 |   2397 |   4 |  790.5 |
       Dungeon |   3162 |   3026 |    136 |      0 |   2397 |   4 |  790.5 |
               +--------+--------+--------+--------+--------+-----+--------+

Top non-repeatable levels by time:
     D:3: 1126 daAuts
     D:4: 775 daAuts
     D:2: 740 daAuts
     D:1: 520 daAuts
